 Dungeon Crawl Stone Soup version 0.26.0-10-g1f06aea511 (webtiles) character file.

Game seed: 5645855071259149878

291 shakesphere1979 the Covered (level 6, -4/57 HPs)
             Began as a Deep Dwarf Fighter on Jan 13, 2021.
             Was an Initiate of Makhleb.
             Slain by an ogre
             ... wielding a +0 giant club
              (7 damage)
             ... on level 4 of the Dungeon.
             The game lasted 00:10:13 (2838 turns).

shakesphere1979 the Covered (Deep Dwarf Fighter)    Turns: 2838, Time: 00:10:14

Health: -4/57      AC:  7    Str: 21    XL:     6   Next: 10%
Magic:  5/5        EV:  9    Int:  9    God:    Makhleb [......]
Gold:   232        SH:  9    Dex: 12    Spells: 5/5 levels left

rFire    + . .     SeeInvis .   a - +1 war axe
rCold    . . .     Faith    +   c - +0 kite shield
rNeg     . . .     Spirit   .   b - +0 scale mail
rPois    .         Reflect  .   (no helmet)
rElec    .         Harm     .   (no cloak)
rCorr    .         Rampage  .   (no gloves)
Will     .....                  (no boots)
Stlth    +.........             m - amulet of faith
HPRegen  0.00/turn              (no ring)
MPRegen  0.09/turn              y - ring of protection from fire

@: lethally poisoned (-4 -> -4), non-regenerating
A: damage resistance, heal wounds, sense surroundings 1, no regeneration
a: Heal Wounds, Renounce Religion


You were on level 4 of the Dungeon.
You worshipped Makhleb.
Makhleb was noncommittal.
You visited 2 branches of the dungeon, and saw 5 of its levels.

You collected 232 gold pieces.

Inventory:

Hand Weapons
 a - a +1 war axe (weapon)
Missiles
 h - 22 poisoned darts (quivered)
 i - 53 sling bullets
 k - 150 stones
 q - 22 arrows
Armour
 b - a +0 scale mail (worn)
 c - a +0 kite shield (worn)
Jewellery
 m - an amulet of faith (around neck)
 y - a ring of protection from fire (right hand)
Scrolls
 e - a scroll of enchant armour {unknown}
 f - a scroll of blinking
 g - 2 scrolls of identify
 j - 4 scrolls of teleportation
Potions
 d - a potion of might
 l - a potion of resistance {unknown}
 n - a potion of brilliance {unknown}
 o - a potion of degeneration {unknown}
 r - 2 potions of curing
 v - a potion of attraction {unknown}
 w - a potion of berserk rage {unknown}
 z - a potion of lignification {unknown}


   Skills:
 + Level 3.8 Fighting
 - Level 2.1 Axes
 + Level 4.6 Armour
 + Level 3.0 Dodging
 + Level 3.9 Stealth
 - Level 3.2 Shields


You had 5 spell levels left.
You didn't know any spells.
Your spell library was empty.

Dungeon Overview and Level Annotations

Branches:
Dungeon (4/15)             Temple (1/1) D:4

Altars:
Ashenzari
Cheibriados
Dithmenos
Fedhas
Gozag
Hepliaklqana
Kikubaaqudgha
Makhleb
Nemelex Xobeh
Okawaru
Qazlal
Ru
Uskayaw
Vehumet
Wu Jian
Yredelemnul
Zin
The Shining One


Innate Abilities, Weirdness & Mutations

You are resistant to damage.
You can heal yourself by infusing magical energy.
You passively map a small area around you.
You do not regenerate.


Message History

You throw a poisoned dart.
The poisoned dart barely misses the ogre.
The poisoned dart hits the iguana.
The iguana is poisoned.
The ogre closely misses you.
Throw: 24 darts (poison)
Press: ? - help, Q - select action, (/) - cycle Shift-Dir - straight line, f/p - ogre
Aim: an ogre, wielding a +0 giant club (poisoned)
You throw a poisoned dart. The poisoned dart hits the ogre.
The ogre looks even sicker.
You block the ogre's attack.
Throw: 23 darts (poison)
Press: ? - help, Q - select action, (/) - cycle Shift-Dir - straight line, f/p - ogre
Aim: an ogre, wielding a +0 giant club (lightly wounded, very poisoned)
You throw a poisoned dart. The poisoned dart hits the ogre.
The ogre looks even sicker.
The ogre is lightly wounded.
The ogre hits you with a +0 giant club!
* * * LOW HITPOINT WARNING * * *
You fail to use your ability.
The ogre hits you with a +0 giant club!
You die...

#.# #.##.######.# #†#
#.#.>.#####.# #.#
#............ #.#
#.#...#.##... #)#
*#.##.##>.....
#######.##.......#.##..#
#......l...#.##..#.#####
#.#####O#### #..#.# *
#@# #. #.# * * #.# , ...
* , * *#.. , ,..# * ....
..# * * .####* * ..## *
* #.* *, * , , #. * #. ,
* * , *


You could see an ogre (very poisoned) and an iguana (poisoned).

Vanquished Creatures
  A howler monkey (D:4)
  Jessica (D:2)
  A worker ant (D:4)
  3 gnolls (D:3)
  8 adders
  An ooze (D:2)
  4 worms
  4 dart slugs
  4 leopard geckos
  8 bats
  5 giant cockroaches
  11 goblins
  5 hobgoblins
  6 jackals
  4 kobolds
  2 quokkas
  4 frilled lizards
  A quokka zombie (D:3)
  10 rats
83 creatures vanquished.

Notes
Turn   | Place    | Note
-------+----------+-------------------------------------------
     0 | D:1      | shakesphere1979 the Deep Dwarf Fighter began the quest for
                  | the Orb.
     0 | D:1      | Reached XP level 1. HP: 20/20 MP: 1/1
    60 | D:1      | Reached skill level 1 in Stealth
    60 | D:1      | Reached XP level 2. HP: 22/27 MP: 2/2
   193 | D:1      | Reached skill level 1 in Dodging
   368 | D:1      | Reached XP level 3. HP: 21/34 MP: 3/3
  1107 | D:2      | Noticed Jessica
  1117 | D:2      | Killed Jessica
  1118 | D:2      | Reached XP level 4. HP: 26/42 MP: 4/4
  1168 | D:2      | Reached skill level 4 in Armour
  1636 | D:3      | Found a shadowy altar of Dithmenos.
  1743 | D:3      | Reached XP level 5. HP: 9/49 MP: 5/5
  1811 | D:3      | Found a sacrificial altar of Ru.
  1941 | D:3      | Found a sparkling altar of Nemelex Xobeh.
  2343 | D:4      | Found a staircase to the Ecumenical Temple.
  2398 | Temple   | Entered the Ecumenical Temple
  2530 | Temple   | Became a worshipper of Makhleb the Destroyer
  2775 | D:4      | Reached XP level 6. HP: 17/57 MP: 5/5
  2838 | D:4      | Slain by an ogre

Illustrated notes

Levels and vault maps discovered:
D:1:      erik_arrival_cave_to_civilisation [erik_arrival_cave_to_hall],
          layout_loops_ring, hangedman_decor_growths, kennysheep_pointless_box,
          minmay_tromino_v4_a
D:2:      layout_rooms, uniq_jessica
D:3:      kennysheep_big_flooded_room, layout_basic,
          nicolae_ru_sacrificial_ziggurat, general_overflow_altar,
          nicolae_dithmenos_shadow_blocks
D:4:      layout_loops_ring, tgw_xom, minmay_temple_entry_mini_moons
Temple:   eino_temple_scatter_basement

Skill      XL: |  1  2  3  4  5  6 |
---------------+-------------------+-----
Stealth        | 1 2 3 |  3.9
Dodging        | 1 2 3 |  3.0
Fighting       | 3 |  3.8
Armour         | 4 |  4.6
Axes           | |  2.1
Shields        | |  3.2

Action                   |  1- 3 |  4- 6 || total
-------------------------+-------+-------++-------
Melee: War axe           |   102 |   178 ||   280
Throw: Dart              |       |     6 ||     6
 Abil: Heal Wounds       |       |     3 ||     3
  Use: Scroll            |       |     9 ||     9
Armor: Scale mail        |    51 |    67 ||   118
Dodge: Dodged            |    35 |    79 ||   114
Block: Kite shield       |    56 |    81 ||   137
